 Dungeon Crawl Stone Soup version 0.29-a0-243-g602b31c20e (webtiles) character file.

Game seed: 541095199501106102

217 spaghetti the Ogre Mage (level 5, -6/72 (82) HPs)
             Began as an Ogre Chaos Knight on Mar 4, 2022.
             Was a Plaything of Xom.
             Mangled by a culicivora (shapeshifter) (21 damage)
             ... on level 3 of the Dungeon.
             The game lasted 00:03:54 (2840 turns).

spaghetti the Ogre Mage (Ogre Chaos Knight)         Turns: 2840, Time: 00:03:54

HP:   -6/72 (82)    AC:  5    Str: 13 (16) XL:     5   Next: 94%
MP:   13/13         EV:  9    Int: 14 (15) God:    Xom [*.....]
Gold: 88            SH:  0    Dex:  5 (8)  Spells: 15/15 levels left

rFire   . . .      SeeInvis .   a - +0 mace (chaos) {mace}
rCold   . . .      Faith    .   (no shield)
rNeg    . . .      Spirit   .   b - +2 robe
rPois   .          Reflect  .   (helmet restricted)
rElec   .          Harm     .   (no cloak)
rCorr   .          Rampage  .   (gloves unavailable)
Will    .....                   (boots unavailable)
Stlth   ..........              (no amulet)
HPRegen 0.22/turn               (no ring)
MPRegen 0.13/turn               (no ring)

@: berserking, heavily drained, very quick
A: large, unfitting armour, tough skin 1
a: Renounce Religion


You were on level 3 of the Dungeon.
You worshipped Xom.
You were a special plaything of Xom.
You visited 1 branch of the dungeon, and saw 3 of its levels.

You collected 88 gold pieces.


Innate Abilities, Weirdness & Mutations

You are too large for most types of armour.
You have tough skin. (AC +1)


   Skills:
 - Level 4.4 Fighting
 - Level 2.6 Maces & Flails
 - Level 2.1 Dodging
 + Level 5.8 Spellcasting


You had 15 spell levels left.
You didn't know any spells.
Your spell library contained the following spells:

 Spells                   Type           Power      Damage    Failure   Level
 Magic Dart               Conj           16%        1d3       16%         1
 Conjure Flame            Conj/Fire      4%         6-21      43%         3
 Iron Shot                Conj/Erth      2%         9d2       100%        6
 Chain Lightning          Conj/Air       2%         3d2       100%        9

Inventory:

Hand Weapons
 a - a +0 mace of chaos (weapon) {mace}
 g - a +0 hunting sling {sling}
   (You found it on level 1 of the Dungeon)
Missiles
 c - 58 stones (quivered) {throwing}
 m - 15 poisoned darts {throwing}
Armour
 b - a +2 robe (worn)
Jewellery
 p - a ring of fire
   (You found it on level 3 of the Dungeon)
Scrolls
 e - 2 scrolls of enchant weapon
 f - a scroll of teleportation {unknown}
 j - a scroll of fog
 k - a scroll of fear
 o - a scroll of amnesia
Potions
 d - a potion of degeneration {!q@e2}
 i - a potion of magic
 l - a potion of heal wounds {@q2}
 n - a potion of attraction {!q}

Dungeon Overview and Level Annotations

Branches:
Dungeon (3/15)

Altars:
Nemelex Xobeh
Trog

.. .#. ##...##.## .#
# ###....# ..
#####...## ...#
##....[#.......
#...##..#######.##..
..#<.†..## .#
#.........# #
#..######.### ..
#.@.# # . ###{# #
... ## ... ###..##.
###. #.## ....###.
#.. #.#####
......#.# #.#
#...<.#
#.......###.#
#####.######
#...........##
#......##
......#......######
##)......##


There were no monsters in sight!


Message History

You closely miss the adder. The adder barely misses you.
The adder bites you but does no damage.
You hit the adder. The adder bites you but does no damage.
The adder closely misses you.
You hit the adder.
You kill the adder! 😕 HP[+1] No target in view!
No target in view!
No target in view!
No target in view!
No target in view!
No target in view!
No target in view!
No target in view!
Things that are here:
a +0 club {mace}; a +0 robe; 😎 HP[+3]
Your hp is fully restored (48).
p - a ring of fire You hear the quick rusting of a very distant drain.
Key pressed, stopping explore.
An orc comes into view. It is wielding a +0 club.
An orc is nearby!
An orc is nearby!
Found a stone staircase leading up.
You hit the orc but do no damage.
The orc suddenly seems more agile.
The orc hits you with a +0 club. 😕 HP[-2]
You take 2 damage, and now have 46/48 hp.
You hit the orc.
You feel better. The orc barely misses you. 😕 HP[+1]
You hit the orc but do no damage.
The orc hits you with a +0 club. 😕 HP[-1]
You take 1 damage, and now have 46/48 hp.
You closely miss the orc. The orc hits you but does no damage. x2
You hit the orc.
The orc changes into a shapeshifter!
You hear the rapid rusting of a very distant drain.
Xom twists space around you.
Your surroundings suddenly seem different.
Unknown command.
No target in view!
You see here a +0 chain mail.
A giant cockroach comes into view.
A giant cockroach is nearby! 😎 HP[+2]
Your hp is fully restored (48).
A giant cockroach is nearby!
You barely miss the giant cockroach.
The giant cockroach bites you but does no damage.
The giant cockroach barely misses you.
You closely miss the giant cockroach.
The giant cockroach bites you but does no damage. x2
You completely miss the giant cockroach.
The giant cockroach closely misses you.
You hit the giant cockroach.
The giant cockroach is poisoned.
You kill the giant cockroach!
No target in view!
No target in view!
No target in view!
No target in view!
No target in view!
A culicivora comes into view.
A culicivora is nearby!
A culicivora is nearby!
The culicivora hisses angrily.
You miss the culicivora. The culicivora barely misses you. x2
You closely miss the culicivora. The culicivora barely misses you.
The culicivora bites you!
The culicivora draws strength from your injuries! 😮 HP[-17]
You take 17 damage, and now have 31/48 hp.
MASSIVE DAMAGE!! (PAUSE) It was a potion of degeneration.
There was something very wrong with that liquid.
You feel weakened.
You feel dopey.
You feel clumsy.
Xom roars with laughter!
The culicivora bites you.
The culicivora draws strength from your injuries! 😮 HP[-2]
You take 2 damage, and now have 29/48 hp.
Unknown command.
As you read the scroll labelled EPYNALI ASTUAZ, it crumbles to dust.
It is a scroll of enchant armour.
You aren't carrying any armour which can be enchanted further.
Xom smiles on you.
A red film seems to cover your vision as you go berserk!
You feel yourself moving faster!
You feel mighty! The culicivora bites you!!
* * * LOW HITPOINT WARNING * * *
The culicivora draws strength from your injuries!
The culicivora bites you!
* * * LOW HITPOINT WARNING * * *
The culicivora draws strength from your injuries! 😱 HP[-14]
You now have 72 max hp (+24).
You closely miss the culicivora.
Xom's power touches on a nearby monster.
The culicivora flickers and vanishes!
Deactivating autopickup; reactivate with Ctrl-A.
Something bites you!!
You die...

Skill      XL: |  1  2  3  4  5 |
---------------+----------------+-----
Spellcasting   | 1 2 3 4 5 |  5.8
Fighting       | |  4.4
Maces & Flails | |  2.6
Dodging        | |  2.1

Action                   |  1- 3 |  4- 6 || total
-------------------------+-------+-------++-------
Melee: Mace              |    25 |   104 ||   129
       Punch             |       |     2 ||     2
 Fire: Hunting sling     |    42 |    51 ||    93
  Use: Scroll            |     2 |     5 ||     7
       Potion            |       |     3 ||     3
 Stab: Petrifying        |       |     1 ||     1
Armor: Robe              |    18 |    81 ||    99
Dodge: Dodged            |    29 |    90 ||   119

Levels and vault maps discovered:
D:1:      lemuel_arrival_cross, layout_basic,
          hellmonk_ecumenical_altar_crossroads
D:2:      layout_rooms, basic_altar, uniq_natasha
D:3:      layout_rooms, mainiacjoe_overflow_cross_hatched, portal_sewer_entry_d,
          uniq_jessica

Notes
Turn   | Place    | Note
-------+----------+-------------------------------------------
     0 | D:1      | spaghetti the Ogre Chaos Knight began the quest for the
                  | Orb.
     0 | D:1      | Reached XP level 1. HP: 24/24 MP: 1/1
     0 | D:1      | magus.rc [v1.9.6]
    42 | D:1      | You add the spells Magic Dart, Conjure Flame, Iron Shot and
                  | Chain Lightning to your library.
    42 | D:1      | Got the Catalogue of Floating Conjuration {@e2}
    65 | D:1      | Found a faded altar of an unknown god.
   184 | D:1      | Reached skill level 1 in Spellcasting
   184 | D:1      | Reached XP level 2. HP: 30/33 MP: 1/3
   379 | D:1      | Reached skill level 2 in Spellcasting
   493 | D:1      | XOM: divination: detect creatures
   648 | D:1      | XOM: silly message
   762 | D:1      | Reached XP level 3. HP: 40/40 MP: 6/6
  1029 | D:2      | Noticed Natasha
  1038 | D:2      | XOM: enchant monster (bad)
  1041 | D:2      | Reached skill level 3 in Spellcasting
  1041 | D:2      | Killed Natasha
  1042 | D:2      | Reached XP level 4. HP: 29/49 MP: 7/9
  1177 | D:2      | Found a sparkling altar of Nemelex Xobeh.
  1239 | D:2      | XOM: 1-stop teleportation journey
  1241 | D:2      | Reached skill level 4 in Spellcasting
  1446 | D:2      | Noticed Natasha
  1458 | D:2      | HP: 12/49 [Natasha (2)]
  1464 | D:2      | Killed Natasha
  1665 | D:2      | Noticed Natasha
  1677 | D:2      | Killed Natasha
  1678 | D:2      | Reached XP level 5. HP: 28/55 MP: 12/12
  1802 | D:2      | XOM: draining
  1850 | D:2      | Reached skill level 5 in Spellcasting
  2396 | D:3      | HP: 9/46 [frozen (4)]
  2626 | D:3      | XOM: 3-stop teleportation journey
  2661 | D:3      | Found a bloodstained altar of Trog.
  2702 | D:3      | Noticed Jessica
  2705 | D:3      | Killed Jessica
  2800 | D:3      | Noticed a shapeshifter
  2800 | D:3      | an orc changed into a shapeshifter
  2800 | D:3      | XOM: 1-stop teleportation journey
  2834 | D:3      | Noticed a culicivora
  2839 | D:3      | XOM: potion effect (berserk rage)
  2839 | D:3      | HP: 15/72 [culicivora (shapeshifter) (9)]
  2840 | D:3      | XOM: enchant monster (bad)
  2840 | D:3      | Mangled by a culicivora (shapeshifter)

Vanquished Creatures
  Jessica (D:3)
  Natasha (thrice) (D:2)
  3 adders
  A worm (D:2)
  A dart slug (D:1)
  5 orcs (D:3)
  4 ball pythons
  10 endoplasms
  5 giant cockroaches
  4 goblins
  6 hobgoblins (D:1)
  3 quokkas
  7 bats
  3 frilled lizards
  8 kobolds
  3 rats
67 creatures vanquished.

Vanquished Creatures (collateral kills)
  A gnoll (D:1)
  A rat (D:1)
2 creatures vanquished.

Grand Total: 69 creatures vanquished

Table legend:
 A = Non-vault XP
 B = Vault XP
 C = Vault XP percentage of total XP
 D = Non-vault monster count
 E = Vault monster count
 F = Vault count percentage of total count
                 A         B        C        D         E       F
            +---------+---------+-------+---------+---------+-------
      Total |     238 |      73 |  23.5 |      67 |       2 |   2.9
            +---------+---------+-------+---------+---------+-------
        D:1 |      55 |       0 |   0.0 |      23 |       0 |   0.0
        D:2 |     133 |      36 |  21.3 |      25 |       1 |   3.8
        D:3 |      50 |      37 |  42.5 |      19 |       1 |   5.0
            +---------+---------+-------+---------+---------+-------

Illustrated notes

Table legend:
 A = Kills in this place as a percentage of kills in entire the game.
 B = Kills by you in this place as a percentage of kills by you in the entire game.
 C = Kills by friends in this place as a percentage of kills by friends in the entire game.
 D = Other kills in this place as a percentage of other kills in the entire game.
 E = Experience gained in this place as a percentage of experience gained in the entire game.
 F = Experience gained in this place divided by the number of levels of this place that you have seen.
                   A       B       C       D       E      F
               +-------+-------+-------+-------+-------+----------------------
         Total | 100.0 | 100.0 | 100.0 |   N/A | 100.0 | 103.7
       Dungeon | 100.0 | 100.0 | 100.0 |   N/A | 100.0 | 103.7
               +-------+-------+-------+-------+-------+----------------------

Table legend: (Time is in decaauts)
 A = Elapsed time spent in this place.
 B = Non-inter-level travel time spent in this place.
 C = Inter-level travel time spent in this place.
 D = Time resting spent in this place.
 E = Time spent auto-exploring this place.
 F = Levels seen in this place.
 G = Mean time per level.
                   A        B        C        D        E       F      G
               +--------+--------+--------+--------+--------+-----+--------+
         Total |   2926 |   2761 |    165 |    694 |   1576 |   3 |  975.3 |
       Dungeon |   2926 |   2761 |    165 |    694 |   1576 |   3 |  975.3 |
               +--------+--------+--------+--------+--------+-----+--------+

Top non-repeatable levels by time:
     D:2: 1232 daAuts
     D:1: 1046 daAuts
     D:3: 647 daAuts
